 Dungeon Crawl Stone Soup version 0.19-a0-606-gee5277e (webtiles) character file.

5932 Zzzzzzzzz the Geomancer (level 10, -3/59 HPs)
             Began as a Gargoyle Earth Elementalist on June 12, 2016.
             Was a Priest of Vehumet.
             Slain by a yak (11 damage)
             ... on level 9 of the Dungeon.
             The game lasted 00:33:22 (10202 turns).

Zzzzzzzzz the Geomancer (GrEE)                     Turns: 10202, Time: 00:33:23

Health: -3/59      AC: 15    Str: 11    XL:     10   Next: 83%
Magic:  30/31      EV: 13    Int: 20    God:    Vehumet [***...]
Gold:   431        SH:  0    Dex: 10    Spells: 5 memorised, 10 levels left

rFire  . . .     SeeInvis .     E - +10 flail of Foolhardiness {crush, -Tele +Rage +Fly}
rCold  . . .     Gourm    .     p - +2 robe {Archmagi}
rNeg   + . .     Faith    .     (no shield)
rPois  ∞         Spirit   .     (no helmet)
rElec  +         Dismiss  .     G - +1 cloak
rCorr  .         Reflect  .     (no gloves)
SustAt .         Harm     .     r - +1 pair of boots
MR     .....     NoTele   +     g - amulet of magic regeneration
Stlth  +.........               q - ring of loudness (curse)
                                y - ring of magical power

@: not resistant to hostile enchantments, very unstealthy
A: negative energy resistance 1, electricity resistance, unbreathing,
petrification resistance, rot immunity, AC +7
a: Renounce Religion, Evoke Berserk Rage, Evoke Flight


You were on level 9 of the Dungeon.
You worshipped Vehumet.
Vehumet was most pleased with you.
You were near starving.

You visited 1 branch of the dungeon, and saw 9 of its levels.
You also visited: Sewer.

You collected 431 gold pieces.

Inventory:

Hand Weapons
 i - a +2 flail of holy wrath
 n - a +3 short sword of draining
 s - a +1 whip of freezing
 E - the +10 flail of Foolhardiness (weapon) {crush, -Tele +Rage +Fly}
   (You found it on level 7 of the Dungeon)

   It inflicts extra damage upon your enemies.
   It lets you fly.
   It lets you go berserk.
   It prevents most forms of teleportation.
Missiles
 b - 206 stones (quivered)
Armour
 c - a +0 robe
 p - a +2 robe of the Archmagi (worn)
 r - a +1 pair of boots (worn)
 G - a +1 cloak (worn)
Jewellery
 f - an uncursed ring of protection from cold
 g - an amulet of magic regeneration (around neck)
 h - a +4 ring of protection
 q - a cursed ring of loudness (right hand)
 x - an uncursed ring of ice
 y - a ring of magical power (left hand)
 H - an uncursed ring of see invisible
Scrolls
 a - 4 scrolls of noise
 k - 5 scrolls of teleportation
 C - 2 scrolls of enchant weapon
Potions
 j - 3 potions of curing
 l - 3 potions of mutation
 u - a potion of cancellation
 v - 2 potions of flight
 z - a potion of agility
 B - a potion of invisibility
Books
 e - a book of Geomancy

   Spells                             Type                      Level
   a - Sandblast                      Earth                        1
   b - Passwall                       Transmutation/Earth          2
   c - Stone Arrow                    Conjuration/Earth            3
   d - Petrify                        Transmutation/Earth          4
   e - Lee's Rapid Deconstruction     Earth                        5
 m - a book of Spatial Translocations

   Spells                             Type                      Level
   a - Apportation                    Translocation                1
   b - Blink                          Translocation                2
   c - Shroud of Golubria             Charms/Translocation         2
   d - Portal Projectile              Translocation                3
   e - Teleport Other                 Translocation                3
   f - Passage of Golubria            Translocation                4
 o - a Grand Grimoire

   Spells                             Type                      Level
   a - Monstrous Menagerie            Summoning                    7
   b - Summon Greater Demon           Summoning                    7
   c - Malign Gateway                 Summoning/Translocation      7
   d - Summon Horrible Things         Summoning                    8
 t - Sif Muna's Handbook of Protection
   (You found it on level 3 of the Dungeon)

   Spells                             Type                      Level
   a - Infusion                       Charms                       1
 D - a book of Battle

   Spells                             Type                      Level
   a - Infusion                       Charms                       1
   b - Shroud of Golubria             Charms/Translocation         2
   c - Song of Slaying                Charms                       2
   d - Spectral Weapon                Hexes/Charms                 3
   e - Regeneration                   Charms/Necromancy            3
 F - a book of Annihilations

   Spells                             Type                      Level
   a - Poison Arrow                   Conjuration/Poison           6
   b - Chain Lightning                Conjuration/Air              8
   c - Lehudib's Crystal Spear        Conjuration/Earth            8
   d - Glaciate                       Conjuration/Ice              9
   e - Fire Storm                     Conjuration/Fire             9
Miscellaneous
 I - a fan of gales
Comestibles
 d - 6 bread rations
 w - 3 meat rations
 A - 2 beef jerkies


   Skills:
 + Level 5.0 Fighting
 + Level 4.6 Maces & Flails
 + Level 4.8 Armour
 + Level 4.1 Dodging
 - Level 2.1 Stealth
 * Level 8.7 Spellcasting
 + Level 6.5 Conjurations
 - Level 0.7 Transmutations
 + Level 8.7 Earth Magic


You had 10 spell levels left.
You knew the following spells:

 Your Spells              Type           Power        Failure   Level  Hunger
a - Sandblast             Erth           ######       1%          1    None
b - Stone Arrow           Conj/Erth      ######       1%          3    None
c - Petrify               Tmut/Erth      #####...     14%         4    ###....
d - Regeneration          Chrm/Necr      ##........   24%         3    None
e - Lee's Rapid Deconstr  Erth           ######....   2%          5    #####..


Dungeon Overview and Level Annotations

Branches:
Dungeon (9/15)             Temple (0/1) D:4
   Lair: D:8-11         Orc: D:9-12

Altars:
Ashenzari
Dithmenos
Gozag
Hepliaklqana
Kikubaaqudgha
Makhleb
Pakellas
Ru
Sif Muna
Trog
Uskayaw
Vehumet
Xom

Shops:
D:4 (:


Innate Abilities, Weirdness & Mutations

You are resistant to torment.
Your stone body is resilient. (AC +7)
You are immune to poison.
You resist negative energy. (rN+)
You are resistant to electric shocks. (rElec)
You can survive without breathing.
You are immune to petrification.
You are immune to rotting.


Message History

You barely miss the yak.
The yak is almost dead.
The yak barely misses you. The yak gores you!
You hit the yak.
The yak is almost dead.
The yak gores you.
* * * LOW HITPOINT WARNING * * *
The yak gores you!
* * * LOW HITPOINT WARNING * * *
You cannot teleport because you are wielding the +10 flail of Foolhardiness {crush, -Tele +Rage +Fly}.
Casting: Lee's Rapid Deconstruction
Confirm with . or Enter, or press ? or * to list all spells.
Aiming: Stone Arrow
Press: ? - help, Shift-Dir - straight line, f - yak
Aim: a yak (almost dead)
You feel a surge of power!
The stone arrow hits the yak.
You kill the yak!
Vehumet accepts your kill.
You feel your power returning. The yak gores you!
You die...

############....######...
..........##....#####....
..#####....#..'.........#.#..
...........#..#.........#.#..
.........W†...###########....
......#.####W................
.#... #................. #..
#†Y##............. #.
#@................ #
#.................
#.................
#.................
##########........ #.#######
#.# # #.# # #.# #


You could see a yak and a phantom.

Vanquished Creatures
  Erica (D:8)
  Psyche (D:8)
  The ghost of clown the Conjurer, a novice TeIE (D:3)
  A two-headed ogre (D:8)
  5 yaks (D:9)
  2 hippogriffs
  A hungry ghost (D:8)
  2 water moccasins
  Purgy (Sewer)
  2 orc warriors
  2 ice beasts (D:5)
  2 sky beasts (D:8)
  A necrophage (D:1)
  3 phantoms
  A black bear (D:8)
  5 centaurs
  2 big kobolds
  A wyvern zombie (D:9)
  2 giant frogs (D:9)
  A wyvern skeleton (D:5)
  A scorpion (D:4)
  A howler monkey (D:4)
  5 crimson imps
  An orc wizard (D:8)
  2 centaur skeletons
  3 orc priests (D:8)
  8 hounds
  A giant frog skeleton (D:9)
  Jessica (D:2)
  Natasha (thrice) (D:3)
  6 worker ants
  A hound skeleton (D:9)
  A howler monkey zombie (D:5)
  7 gnolls (D:2)
  15 adders
  2 shadow imps (D:8)
  An adder zombie (D:8)
  3 worms
  2 dart slugs
  4 giant geckos
  24 orcs
  A ball python (D:6)
  5 giant cockroaches
  6 goblins
  8 hobgoblins
  12 jackals
  A quokka (D:2)
  13 bats
  5 giant newts
  14 kobolds
  A quokka skeleton (D:6)
  9 rats
204 creatures vanquished.

Notes
Turn   | Place    | Note
--------------------------------------------------------------
     0 | D:1      | Zzzzzzzzz the Gargoyle Earth Elementalist began the quest for the Orb.
     0 | D:1      | Reached XP level 1. HP: 10/10 MP: 3/3
   129 | D:1      | Reached XP level 2. HP: 15/15 MP: 5/5
   797 | D:1      | Reached XP level 3. HP: 10/19 MP: 2/7
   802 | D:1      | Learned a level 3 spell: Stone Arrow
  1085 | D:1      | Noticed a necrophage
  1112 | D:1      | Killed a necrophage
  1112 | D:1      | Reached skill level 1 in Conjurations
  1112 | D:1      | Reached XP level 4. HP: 23/24 MP: 0/9
  1112 | D:1      | Reached XP level 5. HP: 26/28 MP: 0/10
  1348 | D:2      | Noticed Jessica
  1362 | D:2      | Reached skill level 5 in Earth Magic
  1469 | D:2      | Killed Jessica
  1814 | D:2      | Reached XP level 6. HP: 32/32 MP: 12/12
  2282 | D:2      | Found a sacrificial altar of Ru.
  2607 | D:3      | Noticed Natasha
  2618 | D:3      | Killed Natasha
  2834 | D:3      | Found a radiant altar of Vehumet.
  2848 | D:3      | Became a worshipper of Vehumet
  2851 | D:3      | Found an ancient bone altar of Kikubaaqudgha.
  2852 | D:3      | Found a deep blue altar of Sif Muna.
  2857 | D:3      | Identified Sif Muna's Handbook of Protection
  2863 | D:3      | Learned a level 4 spell: Petrify
  2905 | D:3      | Noticed clown's ghost (novice TeIE)
  2914 | D:3      | Killed clown's ghost
  2914 | D:3      | Reached skill level 5 in Spellcasting
  2914 | D:3      | Reached XP level 7. HP: 20/36 MP: 1/14
  2916 | D:3      | Noticed Natasha
  2924 | D:3      | Killed Natasha
  3326 | D:3      | Noticed Natasha
  3334 | D:3      | Killed Natasha
  3642 | D:4      | Found Myxzyid's Book Boutique.
  3649 | D:4      | Found a staircase to the Ecumenical Temple.
  3806 | D:4      | Found a glowing drain.
  3848 | Sewer    | Entered a sewer
  3965 | Sewer    | Noticed Purgy
  3969 | Sewer    | Killed Purgy
  3969 | Sewer    | Reached XP level 8. HP: 34/41 MP: 3/16
  4245 | D:4      | Found a shadowy altar of Dithmenos.
  4445 | D:4      | Found Naiq Ysi's Weapon Emporium.
  4494 | D:4      | Reached * piety under Vehumet
  4494 | D:4      | Offered knowledge of Shock by Vehumet.
  4494 | D:4      | Reached skill level 1 in Fighting
  4494 | D:4      | Reached skill level 1 in Maces & Flails
  4604 | D:4      | Reached skill level 1 in Armour
  4666 | D:4      | Found a shimmering altar of Xom.
  4670 | D:4      | Found a burning altar of Makhleb.
  4820 | D:4      | Found a hide-covered altar of Uskayaw.
  5183 | D:5      | Entered Level 5 of the Dungeon
  5500 | D:5      | Found a shattered altar of Ashenzari.
  5625 | D:5      | Reached XP level 9. HP: 31/49 MP: 19/19
  6806 | D:6      | Reached skill level 5 in Conjurations
  7157 | D:6      | Learned a level 3 spell: Regeneration
  7363 | D:7      | Got a warped flail
  7364 | D:7      | Identified the +10 flail of Foolhardiness {crush, -Tele +Rage +Fly} (You found it on level 7 of the Dungeon)
  7366 | D:7      | You fall through a shaft!
  7400 | D:8      | Noticed Psyche
  7409 | D:8      | Killed Psyche
  7663 | D:8      | Learned a level 5 spell: Lee's Rapid Deconstruction
  7668 | D:8      | Found an opulent altar of Gozag.
  7739 | D:8      | Noticed a two-headed ogre
  7743 | D:8      | Killed a two-headed ogre
  7844 | D:8      | Reached ** piety under Vehumet
  7851 | D:8      | Offered knowledge of Freeze by Vehumet.
  7856 | D:8      | Reached XP level 10. HP: 23/56 MP: 16/21
  8395 | D:8      | Noticed Erica
  8411 | D:8      | Killed Erica
  8969 | D:9      | Offered knowledge of Throw Flame by Vehumet.
  9281 | D:9      | Found an oddly glowing altar of Pakellas.
  9361 | D:9      | Found a hazy altar of Hepliaklqana.
  9826 | D:9      | Found a bloodstained altar of Trog.
 10181 | D:9      | Reached *** piety under Vehumet
 10194 | D:9      | Reached skill level 5 in Fighting
 10202 | D:9      | Slain by a yak

Vault maps used:
D:1:      lightli_arrival_chessboard, grunt_decor_mini_mirrors
D:2:      nicolae_ru_awakened_eye, first_bread, moated_statue, uniq_jessica
D:3:      grunt_temple_overflow_magic_moments, minivault_24, uniq_natasha
D:4:      grunt_temple_overflow_champion_of_chaos,
          nicolae_overflow_hidden_temple, minmay_temple_entry_grid,
          portal_sewer_entry_d, serial_shops, shop, shop_statue,
          roderic_malta_cross, grunt_dithmenos_shadows
D:5:      nicolae_ashenzari_panopticon
D:7:      grunt_temple_overflow_holy_war, slow_altar_1, old_standard_altar,
          the_bakery
D:8:      grunt_gozag_breadcrumbs, nicolae_benzene_ring, uniq_erica, uniq_psyche
D:9:      grunt_pakellas_salt, old_standard_altar, marbit_many_paths
Sewer:    kennysheep_door_sewer

Skill      XL: |  1  2  3  4  5  6  7  8  9 10 |
---------------+-------------------------------+-----
Earth Magic    | 4 5 6 7 8 |  8.7
Spellcasting   | 3 4 5 6 7 8 |  8.7
Conjurations   | 1 2 3 4 5 6 |  6.5
Fighting       | 2 4 5 |  5.0
Maces & Flails | 2 3 4 |  4.6
Armour         | 2 3 4 |  4.8
Dodging        | 2 3 4 |  4.1
Stealth        | |  2.1
Transmutations | |  0.7

Action                   |  1- 3 |  4- 6 |  7- 9 | 10-12 || total
-------------------------+-------+-------+-------+-------++-------
Melee: Club              |    52 |       |       |       ||    52
       Short sword       |       |   141 |   414 |       ||   555
       Flail             |       |       |    46 |   123 ||   169
 Cast: Sandblast         |    31 |    18 |     1 |       ||    50
       Stone Arrow       |       |     3 |    28 |     6 ||    37
       Lee's Rapid Decon |       |       |       |     2 ||     2
  Use: Scroll            |       |     4 |    12 |     5 ||    21
       Potion            |       |       |     3 |       ||     3
 Stab: Sleeping          |       |     1 |       |       ||     1
       Distracted        |       |     1 |       |       ||     1
  Eat: Chunk             |     1 |     6 |    18 |     4 ||    29
       Beef jerky        |       |       |     2 |     1 ||     3
Armor: Robe              |    31 |    79 |   213 |    49 ||   372
Dodge: Dodged            |    71 |   123 |   348 |   100 ||   642
